 Dungeon Crawl Stone Soup version 0.20-a0-830-g2c9a30d (webtiles) character file.

28 M4edhros the Sneak (level 3, -3/23 HPs)
             Began as an Octopode Artificer on Mar 7, 2017.
             Slain by an ogre
             ... wielding a +0 giant club
              (22 damage)
             ... on level 4 of the Dungeon.
             The game lasted 00:00:40 (766 turns).

M4edhros the Sneak (Octopode Artificer)              Turns: 766, Time: 00:00:41

Health: -3/23      AC:  1    Str: 11    XL:     3   Next: 14%
Magic:  5/5        EV: 13    Int: 13    God:
Gold:   50         SH:  0    Dex: 13    Spells: 2/2 levels left

rFire    . . .     SeeInvis .   a - +0 short sword
rCold    . . .     Gourm    .   (no shield)
rNeg     . . .     Faith    .   (helmet restricted)
rPois    .         Spirit   .   (no amulet)
rElec    .         Reflect  .   g - ring of wizardry
rCorr    .         Harm     .   (no ring)
MR       .....                  (no ring)
Stlth    ++++......             (no ring)
Regen    0.1/turn               (no ring)
MPRegen  0.1/turn               (no ring)
                                (no ring)
                                (no ring)

@: no status effects
A: almost no armour, stealthy swim, amphibious, 8 rings, constrict 8, camouflage
1, gelatinous body 1
a: no special abilities


You were on level 4 of the Dungeon.
You were not hungry.

You visited 1 branch of the dungeon, and saw 4 of its levels.

You collected 50 gold pieces.

Inventory:

Hand Weapons
 a - a +0 short sword (weapon)
Jewellery
 g - a ring of wizardry (left tentacle)
Wands
 b - a wand of flame (13/48)
 c - a wand of enslavement (15/24)
 d - a wand of random effects (15/48)
Scrolls
 e - a scroll of teleportation {unknown}
 h - 2 scrolls of remove curse {unknown}
 k - a scroll of magic mapping {unknown}
Potions
 i - a potion of curing {unknown}
 m - a potion of heal wounds {unknown}
Comestibles
 f - 2 bread rations
 j - a royal jelly
 l - 3 chunks of flesh


   Skills:
 - Level 1.0 Fighting
 - Level 1.0 Short Blades
 - Level 2.0 Dodging
 + Level 4.3 Stealth
 - Level 3.2 Evocations


You had 2 spell levels left.
You didn't know any spells.

Dungeon Overview and Level Annotations

Branches:
Dungeon (4/15)
 Temple: D:4-7

Altars:
Ashenzari


Innate Abilities, Weirdness & Mutations

You cannot wear most types of armour.
You are very stealthy in the water. (Stealth+)
You are amphibious.
You can wear up to eight rings at the same time.
You can use your tentacles to constrict eight enemies at once.
Your skin changes colour to match your surroundings (Stealth+).
Your rubbery body absorbs attacks. (AC +1, EV +1)


Message History

An ooze comes into view.
Found 19 stones.
Found 19 arrows.
Things that are here:
a dagger; a stone; a robe
There is a stone staircase leading down here.
You climb downwards.
There is a stone staircase leading up here.
You open the door.
Found a shattered altar of Ashenzari.
No target in view!
An ogre comes into view. It is wielding a giant club.
Found a stone staircase leading up.
There is an open door here.
An ogre is nearby!
An ogre is nearby!
The ogre shouts!
You hear an angry hiss. x2
The ogre hits you with a giant club!!
Ouch! That really hurt!
You die...

#........#
#........#
#........#
#........#
+........#
#........#
#+########.##
l....#####'###...
......O@..........
..........?....<..
................##
#.###...........#
. #....###......
#...?#_#......
#....#+#......
###### ####.


You could see an ogre and a leopard gecko (wandering).

Vanquished Creatures
  An adder (D:3)
  An ooze (D:2)
  A dart slug (D:1)
  A bat (D:1)
  A hobgoblin (D:1)
  3 jackals (D:3)
  A quokka (D:2)
  2 kobolds
  A rat (D:1)
12 creatures vanquished.

Notes
Turn   | Place    | Note
-------+----------+-------------------------------------------
     0 | D:1      | M4edhros the Octopode Artificer began the quest for the Orb.
     0 | D:1      | Reached XP level 1. HP: 13/13 MP: 3/3
   167 | D:1      | Reached skill level 2 in Stealth
   233 | D:1      | Reached XP level 2. HP: 11/18 MP: 4/4
   306 | D:2      | Reached skill level 3 in Stealth
   549 | D:3      | Reached skill level 4 in Stealth
   672 | D:3      | Reached XP level 3. HP: 16/23 MP: 5/5
   762 | D:4      | Found a shattered altar of Ashenzari.
   763 | D:4      | Noticed an ogre
   766 | D:4      | Slain by an ogre

Vault maps used:
D:1:      wheals_arrival_linesprint, dk_noncrumbling_3, grunt_decor_cap,
          minmay_misc_feat_plants, cheibriados_altar_1
D:2:      lemuel_round_altar
D:3:      minmay_misc_feat_hallway
D:4:      lemuel_doored_altar, ashenzari_conservatory_becter, serial_shops,
          shop, first_bread

Skill      XL: |  1  2 |
---------------+-------+-----
Stealth        | 2 4 |  4.3
Fighting       | |  1.0
Short Blades   | |  1.0
Dodging        | |  2.0
Evocations     | |  3.2

Action                   || total
-------------------------++-------
Melee: Short sword       ||    28
       Constrict         ||     7
       Tentacles         ||     6
Evoke: Wand              ||     2
 Stab: Sleeping          ||     1
       Distracted        ||     1
Armor: Skin              ||     2
Dodge: Dodged            ||    15
